 Dungeon Crawl Stone Soup version 0.14-a0-2759-g5bb4bfe (webtiles) character file.

994 JEFFREY the Cudgeler (level 8, -2/54 HPs)
             Began as a Formicid Fighter on Feb 23, 2014.
             Slain by Grinder (4 damage)
             ... on Level 5 of the Dungeon.
             The game lasted 00:20:31 (3518 turns).

JEFFREY the Cudgeler (Formicid Fighter)             Turns: 3518, Time: 00:20:31

HP  -2/54        AC 10     Str 24      XL: 8   Next: 41%
MP  10/10        EV  8     Int  7      God:
Gold 164         SH 20     Dex 10      Spells:  0 memorised,  7 levels left

rFire  + . .     SeeInvis +     b - +4,+9 mace of Perversion {freeze, +Fly SInv}
rCold  . . .     Clarity  .     s - +2 ring mail {rF+}
rNeg   . . .     Conserve .     c - +0 shield
rPois  .         rCorr    .     (helmet unavailable)
rElec  .         rRot     .     u - +0 cloak
SustAb . .       Spirit   .     (no gloves)
rMut   .         Warding  .     (no boots)
Saprov . . .     Stasis   +     (no amulet)
MR     .....                    (no ring)
                                w - ring of poison resistance

@: not resistant to hostile enchantments, extremely unstealthy
A: permanent stasis, dig shafts and tunnels, four strong arms, poison weakness,
antennae 3, exoskeleton 1
a: Dig, Shaft Self, Evoke Flight


You were on level 5 of the Dungeon.
You were hungry.

You visited 1 branch of the dungeon, and saw 5 of its levels.

You collected 164 gold pieces.

Inventory:

Hand weapons
 b - the +4,+9 mace of Perversion (weapon) {freeze, +Fly SInv}
   (You found it on level 5 of the Dungeon)

   It has been specially enchanted to freeze those struck by it, causing extra
   injury to most foes and up to double damage against particularly susceptible
   opponents.
   It can also slow down cold-blooded creatures.
   It enhances your eyesight.
   It lets you fly.
 t - a +2,+4 quarterstaff of chaos
 C - a +0,+0 giant club
 D - a +0,+2 orcish flail of draining
 E - a +0,+3 orcish flail
Armour
 c - a +0 shield (worn)
 s - a +2 ring mail of fire resistance (worn)
 u - a +0 cloak (worn)
Magical devices
 i - a wand of fireball (0)
Comestibles
 a - a chunk of goblin flesh
 d - 4 bread rations
 f - 3 meat rations
 z - 2 apples
 F - a beef jerky
Scrolls
 g - 2 scrolls of immolation {unknown}
 h - a scroll of enchant weapon I {unknown}
 j - 5 scrolls of remove curse {unknown}
 l - 4 scrolls of fear {unknown}
 m - 3 scrolls of identify
 n - 2 scrolls of amnesia {unknown}
 p - 4 scrolls of teleportation {unknown}
 y - 3 scrolls of fog {unknown}
 A - a scroll of random uselessness {unknown}
 G - a scroll of noise {unknown}
Jewellery
 w - a ring of poison resistance (left hand)
Potions
 k - a potion of agility
 q - a potion of magic {unknown}
 r - a potion of brilliance {unknown}
 H - 2 potions of flight {unknown}
Books
 B - a book of Dreams

   Spells                             Type                      Level
   Ensorcelled Hibernation            Hexes/Ice                    2
   Flight                             Charms/Air                   3
   Phase Shift                        Translocation                5
   Shadow Creatures                   Summoning                    5
   Mass Confusion                     Hexes                        6
   Darkness                           Hexes                        7


   Skills:
 + Level 4.0 Fighting
 * Level 5.9 Maces & Flails
 + Level 5.8 Armour
 - Level 0.6 Dodging
 + Level 4.9 Shields
 + Level 1.7 Evocations


You had 7 spell levels left.
You didn't know any spells.

Dungeon Overview and Level Annotations

Branches:
Dungeon (5/16)
 Temple: D:4-7

Altars:
Makhleb
Vehumet

Annotations:
D:5 Grinder


Innate Abilities, Weirdness & Mutations

Your are under a permanent stasis effect.
You can dig through walls and to a lower floor.
Your four strong arms can wield any weapon, most with a shield.
You are susceptible to poison.
You have a pair of large antennae on your head (SInv).
Your body is surrounded by an exoskeleton. (AC +1)


Message History

Grinder blinks!
You block the orc skeleton's attack. You block the iguana's attack.
The gnoll skeleton closely misses you.
You sock the iguana! You freeze the iguana.
You kill the iguana!
Grinder says, "There's only one good use for a tongue: cutting it out."
The orc skeleton completely misses you. You block the gnoll skeleton's attack.
Grinder gestures.
Grinder blinks!
You hit the gnoll skeleton. The orc skeleton hits you.
* * * LOW HITPOINT WARNING * * *
You block the gnoll skeleton's attack.
You sock the gnoll skeleton!
You destroy the gnoll skeleton!
The orc skeleton hits you but does no damage.
You closely miss Grinder.
Grinder is severely wounded.
You block the orc skeleton's attack. Grinder hits you.
* * * LOW HITPOINT WARNING * * *
You writhe in agony.
You die...

.>.............................
.))<..........................
.)#...#........<...###.....###
...................# #....##
...................####...#
....................# ####
......##............#
#######.........5...#
#.........@).##
..........z....#
#...............#
#...............#
##..............#
#............. ..(........
......... ...


You could see Grinder and an orc skeleton.

Vanquished Creatures
  A phantom (D:4)
  2 ogres
  Sigmund (D:3)
  2 crimson imps (D:5)
  2 orc priests
  2 jellies (D:5)
  Crazy Yiuf (D:3)
  An iguana (D:5)
  2 worker ants
  A hound skeleton (D:5)
  6 gnolls
  A worker ant zombie (D:5)
  3 adders
  A giant mite (D:3)
  A worm (D:4)
  A giant gecko (D:3)
  2 oozes (D:4)
  8 orcs
  7 bats
  6 giant cockroaches
  11 goblins
  15 hobgoblins
  11 kobolds
  A quokka (D:5)
  3 ball pythons
  5 giant newts
  A giant newt zombie (D:5)
  A gnoll skeleton (D:5)
  11 rats
110 creatures vanquished.

Notes
Turn   | Place    | Note
--------------------------------------------------------------
     0 | D:1      | JEFFREY, the Formicid Fighter, began the quest for the Orb.
     0 | D:1      | Reached XP level 1. HP: 16/16 MP: 1/1
    77 | D:1      | Reached XP level 2. HP: 21/21 MP: 2/2
   391 | D:1      | Reached XP level 3. HP: 26/26 MP: 3/3
   472 | D:2      | Reached skill level 4 in Armour
   618 | D:2      | Reached XP level 4. HP: 15/31 MP: 4/4
  1135 | D:2      | Reached XP level 5. HP: 33/36 MP: 5/5
  1274 | D:2      | Found a burning altar of Makhleb.
  1275 | D:2      | Found a radiant altar of Vehumet.
  1696 | D:3      | Noticed Sigmund
  1721 | D:3      | Killed Sigmund
  1721 | D:3      | Reached XP level 6. HP: 2/42 MP: 6/6
  2003 | D:3      | Noticed Crazy Yiuf
  2015 | D:3      | HP: 2/42 [Crazy Yiuf/quarterstaff of chaos (17)]
  2018 | D:3      | Killed Crazy Yiuf
  2971 | D:4      | Reached XP level 7. HP: 43/46 MP: 8/8
  3095 | D:4      | Noticed an ogre
  3100 | D:4      | Reached skill level 5 in Armour
  3107 | D:4      | Killed an ogre
  3107 | D:4      | Reached skill level 1 in Evocations
  3128 | D:4      | Noticed a phantom
  3165 | D:4      | Killed a phantom
  3165 | D:4      | Reached skill level 5 in Maces & Flails
  3332 | D:5      | Entered Level 5 of the Dungeon
  3364 | D:5      | Reached XP level 8. HP: 48/54 MP: 10/10
  3448 | D:5      | Got a shimmering mace
  3464 | D:5      | Identified the +4,+9 mace of Perversion {freeze, +Fly SInv} (You found it on level 5 of the Dungeon)
  3497 | D:5      | Noticed Grinder
  3518 | D:5      | HP: 2/54 [Grinder (1)]
  3518 | D:5      | Slain by Grinder

Action                   |  1- 3 |  4- 6 |  7- 9 || total
-------------------------+-------+-------+-------++-------
Melee: Mace              |    84 |   178 |    39 ||   301
       Flail             |       |       |    53 ||    53
Evoke: Wand              |       |    13 |     4 ||    17
  Use: Potion            |       |     3 |     1 ||     4
       Scroll            |       |       |     3 ||     3
